 Dungeon Crawl Stone Soup version 0.32-a0-675-gdc239d62e1 (webtiles) character file.

Game seed: 6117880241828762686

17 mopl the Ruffian (level 2, -1/18 HPs)
             Began as an Octopode Shapeshifter on Mar 11, 2024.
             Slain by a jackal (3 damage)
             ... on level 1 of the Dungeon.
             The game lasted 00:00:26 (278 turns).

mopl the Ruffian (Octopode Shapeshifter)             Turns: 278, Time: 00:00:27

Health: -1/18      AC:  1    Str: 13    XL:     2   Next: 62%
Magic:  2/2        EV: 13    Int: 12    God:
Gold:   15         SH:  0    Dex: 11    Spells: 1/1 levels left

rFire   . .          .
                       - Unarmed
rCold   . . .        (no shield)
rNeg    . . .        (helmet currently unavailable)
rPois   .            (no amulet)
rElec   .            (no ring)
rCorr   .            (no ring)
SInv    .            (no ring)
Will    .....        (no ring)
Stlth   ++           (no ring)
HPRegen 0.23/turn    (no ring)
MPRegen 0.08/turn    (no ring)
                     (no ring)

%: no passive effects
@: beast-form
A: beast (slay +1), almost no armour, amphibious, 8 rings, camouflage 1,
gelatinous body 1, (nimble swimmer 1), tentacles
a: Begin Untransformation


You were on level 1 of the Dungeon.
You were a hulking beast.
You visited 1 branch of the dungeon, and saw 1 of its levels.

You collected 15 gold pieces.

Inventory:

Missiles
 e - 9 poisoned darts (quivered)
Talismans
 b - a beast talisman (active)
 c - a flux talisman
Scrolls
 d - 2 scrolls of noise {unknown}
 f - a scroll of identify {unknown}
Potions
 a - a potion of lignification {!q}


   Skills:
 + Level 1.2 Fighting
 + Level 2.2 Dodging
 * Level 3.3 Unarmed Combat
 * Level 3.2 Shapeshifting


You had one spell level left.
You didn't know any spells.
Your spell library was empty.

Dungeon Overview and Level Annotations

Branches:
Dungeon (1/15)

Altars:


Innate Abilities, Weirdness & Mutations

You are a hulking beast.
Your limbs bulge with bestial killing power. (Slay +1)
You cannot wear most types of armour.
You are amphibious.
You can wear up to eight rings at the same time.
Your skin changes colour to match your surroundings (Stealth+).
Your rubbery body absorbs attacks. (AC +1, EV +1)
((You are camouflaged when in or above water. (Stealth+)))
You have tentacles for arms and can constrict up to eight enemies at once.


Message History

A jackal comes into view.
You hear a bark! x2
A jackal comes into view.
There is a faded altar of an unknown god here.
This altar belongs to (a) Zin, (b) Beogh or (c) Dithmenos, but you can't tell which.
Press the corresponding letter to learn more about a god, or press enter to convert or escape to cancel.
Okay, then.
The ball python misses you. The ball python barely misses you.
The jackal barely misses you. The ball python closely misses you.
The ball python grabs you. The ball python constricts you.
You completely miss the ball python.
The jackal barks!
Your grab misses the ball python. You squeeze the ball python.
The ball python is severely wounded.
The jackal bites you but does no damage.
The ball python bites you. The ball python constricts you.
You barely miss the ball python. You grab the ball python.
You squeeze the ball python.
You kill the ball python!
The jackal misses you. The jackal closely misses you.
A jackal comes into view.
The jackal bites you.
You bludgeon the jackal!
You kill the jackal!
The jackal closely misses you. The jackal bites you.
You closely miss the jackal. Your grab misses the jackal. The jackal bites you.
The jackal completely misses you.
You closely miss the jackal. You grab the jackal.
Your squeeze misses the jackal. You constrict the jackal.
The jackal bites you. x3
* * * LOW HITPOINT WARNING * * *
The jackal barely misses you.
You are too injured to fight recklessly!
You are too injured to fight recklessly!
You release your grip on the jackal.
The jackal closely misses you. The jackal bites you.
* * * LOW HITPOINT WARNING * * *
There is a faded altar of an unknown god here.
You closely miss the jackal. You grab the jackal. You squeeze the jackal.
You kill the jackal!
The jackal bites you.
You die...

######.# #.#
## #.#### .###
## #.#).# ....
##. ##..## #
.## ##..#
##..#.# ##
#....###.....#
#####
#.††#...#.##
.....
#.h†..####
##### ##hh†##
### #.....#
..# #...#...#
#.#
...!###....
..# .[#..#
#..## ..♣ #
##. .## ..# ..
## ..♣ #. ..#


You could see 2 jackals.

Vanquished Creatures
  2 bats (D:1)
  2 endoplasms (D:1)
  A giant cockroach (D:1)
  A hobgoblin (D:1)
  2 jackals (D:1)
  3 ball pythons (D:1)
  A frilled lizard (D:1)
  3 goblins (D:1)
  A kobold (D:1)
16 creatures vanquished.

Notes
Turn   | Place    | Note
-------+----------+-------------------------------------------
     0 | D:1      | mopl the Octopode Shapeshifter began the quest for the Orb.
     0 | D:1      | Reached XP level 1. HP: 13/13 MP: 1/1
   101 | D:1      | Reached XP level 2. HP: 18/18 MP: 2/2
   261 | D:1      | Found a faded altar of an unknown god.
   278 | D:1      | Slain by a jackal

Illustrated notes

Levels and vault maps discovered:
D:1:      minmay_arrival_plants_in_alcoves, layout_basic,
          nicolae_ecumenical_snake_handling, chequers_serial_rivers_room_a,
          chequers_jeans, minmay_misc_feat_five

Action                     || total
---------------------------++-------
  Melee: Unarmed           ||    28
         Tentacles         ||     7
         Constrict         ||     9
   Stab: Sleeping          ||     2
 Armour: Skin              ||    19
  Dodge: Dodged            ||    21

Table legend: (Time is in decaauts)
 A = Elapsed time spent in this place.
 B = Non-inter-level travel time spent in this place.
 C = Inter-level travel time spent in this place.
 D = Time resting spent in this place.
 E = Time spent auto-exploring this place.
 F = Levels seen in this place.
 G = Mean time per level.
                   A        B        C        D        E       F      G
               +--------+--------+--------+--------+--------+-----+--------+
         Total |    276 |    276 |      0 |      0 |    197 |   1 |  276.0 |
       Dungeon |    276 |    276 |      0 |      0 |    197 |   1 |  276.0 |
               +--------+--------+--------+--------+--------+-----+--------+

Top non-repeatable levels by time:
     D:1: 276 daAuts
